 Dungeon Crawl Stone Soup version 0.30-b1-2-g02819fbbbe (webtiles) character file.

Game seed: 10718469477486513788

77 Fartwhistle the Skirmisher (level 4, -2/38 HPs)
             Began as a Gnoll Hunter on Sept 17, 2023.
             Slain by Terence
             ... wielding a +0 falchion
              (5 damage)
             ... on level 2 of the Dungeon.
             The game lasted 00:01:58 (1237 turns).

Fartwhistle the Skirmisher (Gnoll Hunter)           Turns: 1237, Time: 00:01:59

Health: -2/38      AC:  5    Str: 11    XL:     4   Next: 33%
Magic:  5/5        EV: 13    Int: 10    God:
Gold:   89         SH:  0    Dex: 15    Spells: 5/5 levels left

rFire   . . .        a - +0 shortbow
rCold   . . .        (shield currently unavailable)
rNeg    . . .        c - +1 leather armour
rPois   .            (no helmet)
rElec   .            (no cloak)
rCorr   .            (no gloves)
SInv    .            h - +0 pair of boots
Will    .....        (no amulet)
Stlth   ++           (no ring)
HPRegen 0.26/turn    (no ring)
MPRegen 0.09/turn

%: no passive effects
@: no status effects
A: fangs 1, strong nose, distributed training
a: no special abilities


You were on level 2 of the Dungeon.
You visited 1 branch of the dungeon, and saw 2 of its levels.

You collected 89 gold pieces.

Inventory:

Hand Weapons
 a - a +0 shortbow (weapon)
Armour
 c - a +1 leather armour (worn)
 h - a +0 pair of boots (worn)
Scrolls
 b - a scroll of immolation
 d - 2 scrolls of identify
 f - a scroll of poison


   Skills:
 + Level 4.6 Fighting
 + Level 1.1 Short Blades
 + Level 1.1 Long Blades
 + Level 1.1 Axes
 + Level 1.1 Maces & Flails
 + Level 1.1 Polearms
 + Level 1.1 Staves
 + Level 8.5 Ranged Weapons
 + Level 1.1 Throwing
 + Level 1.1 Armour
 + Level 4.6 Dodging
 + Level 2.5 Stealth
 + Level 1.1 Shields
 + Level 1.1 Unarmed Combat
 + Level 1.1 Spellcasting
 + Level 0.9 Conjurations
 + Level 0.9 Hexes
 + Level 0.9 Summonings
 + Level 0.9 Necromancy
 + Level 0.9 Translocations
 + Level 0.9 Transmutations
 + Level 0.9 Fire Magic
 + Level 0.9 Ice Magic
 + Level 0.9 Air Magic
 + Level 0.9 Earth Magic
 + Level 0.9 Poison Magic
 + Level 1.2 Invocations
 + Level 1.1 Evocations


You had 5 spell levels left.
You didn't know any spells.
Your spell library contained the following spells:

 Spells                   Type           Power      Damage    Failure   Level
 Lesser Beckoning         Tloc           4%         N/A       43%         2
 Gell's Gravitas          Tloc           2%         N/A       67%         3
 Teleport Other           Tloc           2%         N/A       67%         3


Dungeon Overview and Level Annotations

Branches:
Dungeon (2/15)

Altars:

Shops:
D:1 [

Annotations:
D:2 Terence


Innate Abilities, Weirdness & Mutations

You have very sharp teeth.
Your uncanny sense of smell can sniff out nearby items.
Your experience applies equally to all skills.


Message History

You shoot an arrow. The arrow hits Terence.
Terence is moderately wounded.
Terence hits you with a +0 falchion!
* * * LOW HITPOINT WARNING * * *
Fire: a) +0 shortbow
Press: ? - help, Q - select action Shift-Dir - straight line, f/p - Terence
Aim: Terence, wielding a +0 falchion and wearing a +0 chain mail (moderately wounded, 72% to hit)
You shoot an arrow. The arrow closely misses Terence.
Terence misses you.
It was a potion of curing.
You feel better. Terence hits you with a +0 falchion.
Okay, then.
You aren't carrying any items that you can evoke.
Fire: a) +0 shortbow
Press: ? - help, Q - select action Shift-Dir - straight line, f/p - Terence
Aim: Terence, wielding a +0 falchion and wearing a +0 chain mail (moderately wounded, 72% to hit)
You shoot an arrow.
The arrow hits Terence but does no damage.
Terence is moderately wounded.
Terence completely misses you. Terence attacks as you move away!
Terence completely misses you. Terence attacks as you move away!
Terence hits you with a +0 falchion. Terence attacks as you move away!
Terence hits you with a +0 falchion.
* * * LOW HITPOINT WARNING * * *
Terence attacks as you move away! Terence hits you with a +0 falchion.
* * * LOW HITPOINT WARNING * * *
Terence attacks as you move away! Terence hits you with a +0 falchion.
* * * LOW HITPOINT WARNING * * *
As you read the scroll labelled VINGUI LASUKH, it crumbles to dust.
It is a scroll of identify.
f - a scroll of poison Terence barely misses you.
As you read the scroll labelled QANUAL ZEDUACW, it crumbles to dust.
It is a scroll of enchant armour.
Your +0 leather armour glows green for a moment.
Terence misses you.
You aren't carrying any potions.
Terence attacks as you move away! Terence closely misses you.
Terence attacks as you move away! Terence hits you with a +0 falchion.
You die...

#.######...#.#
#....#
#..........#.#
######
########.###†#
#...#.# #.#
#.....# #.#
#...### #.#
#...# #.#
#..@#####.#
#...@..##.#
#.......#.#
#.####..#.#
#.#.[...#.#
#.#.###.#.#
#.......#.#
###[###...#
#.....###
#######


You could see Terence.

Vanquished Creatures
  Jessica (D:2)
  2 adders (D:2)
  A giant cockroach (D:1)
  3 goblins
  4 hobgoblins
  2 jackals (D:1)
  4 kobolds
  2 quokkas (D:2)
  2 ball pythons (D:1)
  6 bats
  A frilled lizard (D:1)
  4 rats
32 creatures vanquished.

Notes
Turn   | Place    | Note
-------+----------+-------------------------------------------
     0 | D:1      | Fartwhistle the Gnoll Hunter began the quest for the Orb.
     0 | D:1      | Reached XP level 1. HP: 20/20 MP: 1/1
    89 | D:1      | Reached XP level 2. HP: 26/26 MP: 2/2
   415 | D:1      | Found Seuwus's Armour Shoppe.
   596 | D:2      | Reached XP level 3. HP: 31/31 MP: 3/3
   686 | D:2      | Reached skill level 1 in Invocations
   843 | D:2      | Reached skill level 1 in Short Blades
   843 | D:2      | Reached skill level 1 in Long Blades
   843 | D:2      | Reached skill level 1 in Axes
   843 | D:2      | Reached skill level 1 in Maces & Flails
   843 | D:2      | Reached skill level 1 in Polearms
   843 | D:2      | Reached skill level 1 in Staves
   843 | D:2      | Reached skill level 1 in Throwing
   843 | D:2      | Reached skill level 1 in Armour
   843 | D:2      | Reached skill level 1 in Shields
   843 | D:2      | Reached skill level 1 in Unarmed Combat
   843 | D:2      | Reached skill level 1 in Spellcasting
   843 | D:2      | Reached skill level 1 in Evocations
  1145 | D:2      | Noticed Jessica
  1146 | D:2      | Killed Jessica
  1147 | D:2      | Reached XP level 4. HP: 38/38 MP: 5/5
  1196 | D:2      | Noticed Terence
  1237 | D:2      | Slain by Terence

Illustrated notes

Levels and vault maps discovered:
D:1:      eino_arrival_water_cross, layout_loops_ring, serial_shops, shop
D:2:      layout_basic, patterned_corridor, uniq_jessica, uniq_terence

Skill      XL: |  1  2  3 |
---------------+----------+-----
Invocations    | 1 |  1.2
Short Blades   | 1 |  1.1
Long Blades    | 1 |  1.1
Axes           | 1 |  1.1
Maces & Flails | 1 |  1.1
Polearms       | 1 |  1.1
Staves         | 1 |  1.1
Throwing       | 1 |  1.1
Armour         | 1 |  1.1
Shields        | 1 |  1.1
Unarmed Combat | 1 |  1.1
Spellcasting   | 1 |  1.1
Evocations     | 1 |  1.1
Fighting       | |  4.6
Ranged Weapons | |  8.5
Dodging        | |  4.6
Stealth        | |  2.5
Conjurations   | |  0.9
Hexes          | |  0.9
Summonings     | |  0.9
Necromancy     | |  0.9
Translocations | |  0.9
Transmutations | |  0.9
Fire Magic     | |  0.9
Ice Magic      | |  0.9
Air Magic      | |  0.9
Earth Magic    | |  0.9
Poison Magic   | |  0.9

Action                     |  1- 3 |  4- 6 || total
---------------------------+-------+-------++-------
   Fire: Shortbow          |    90 |    17 ||   107
    Use: Scroll            |       |     2 ||     2
         Potion            |       |     1 ||     1
 Armour: Leather armour    |     5 |       ||     5
  Dodge: Dodged            |    23 |    13 ||    36
